 Dungeon Crawl Stone Soup version 0.25.1-2-g60ff931df9 (webtiles) character file.

Game seed: 17649969100906320050

2424 Ijustatesigmund the Cleaver (level 9, 0/66 HPs)
             Began as an Octopode Fighter on Aug 18, 2020.
             Slain by a centaur zombie (2 damage)
             ... on level 7 of the Dungeon.
             The game lasted 00:11:47 (8727 turns).

Ijustatesigmund the Cleaver (Octopode Fighter)      Turns: 8727, Time: 00:11:47

Health: 0/66       AC:  1    Str: 15    XL:     9   Next: 48%
Magic:  0/9        EV: 14    Int: 10    God:
Gold:   541        SH: 11    Dex: 15    Spells: 8/8 levels left

rFire    . . .     SeeInvis .   a - +2 war axe
rCold    . . .     Gourm    .   b - +1 kite shield
rNeg     . . .     Faith    .   (helmet restricted)
rPois    .         Spirit   +   o - amulet of guardian spirit
rElec    .         Reflect  .   (no ring)
rCorr    .         Harm     .   (no ring)
MR       .....                  (no ring)
Stlth    ++........             (no ring)
HPRegen  0.21/turn              (no ring)
MPRegen  0.11/turn              (no ring)
                                (no ring)
                                (no ring)

@: no status effects
A: almost no armour, stealthy swim, amphibious, 8 rings, constrict 8, camouflage
1, gelatinous body 1
a: no special abilities


You were on level 7 of the Dungeon.
You were not hungry.

You visited 2 branches of the dungeon, and saw 8 of its levels.
You also visited: Ossuary.

You collected 541 gold pieces.

Inventory:

Hand Weapons
 a - a +2 war axe (weapon)
Armour
 b - a +1 kite shield (worn)
Jewellery
 l - an uncursed ring of fire
 o - an amulet of guardian spirit (around mantle)
 u - a cursed -4 ring of evasion {unknown}
Wands
 p - a wand of random effects (28)
 q - a wand of acid (7)
Scrolls
 e - 5 scrolls of identify
 f - 6 scrolls of teleportation
 h - a scroll of immolation
 i - 2 scrolls of fog
 j - 6 scrolls of fear
 m - 4 scrolls of remove curse
 s - a scroll of amnesia
Potions
 c - a potion of might
 g - a potion of invisibility
 k - a potion of cancellation
 n - 2 potions of lignification
 r - 2 potions of curing
 t - 2 potions of magic
 v - a potion of brilliance
Comestibles
 d - 17 rations
 w - 5 chunks of flesh


   Skills:
 + Level 7.8 Fighting
 + Level 8.0 Axes
 + Level 4.7 Dodging
 - Level 6.3 Shields


You had 8 spell levels left.
You didn't know any spells.
Your spell library contained the following spells:

 Spells                   Type           Power        Failure   Level  Hunger
 Animate Skeleton         Necr           N/A          75%         1    ##.....
 Apportation              Tloc           #.....       75%         1    ##.....
 Corona                   Hex            #......      75%         1    ##.....
 Magic Dart               Conj           #...         75%         1    ##.....
 Summon Small Mammal      Summ           #...         75%         1    ##.....
 Blink                    Tloc           N/A          87%         2    ###....
 Call Imp                 Summ           #.......     87%         2    ###....
 Slow                     Hex            #.......     87%         2    ###....
 Conjure Flame            Conj/Fire      #.......     98%         3    ####...
 Mephitic Cloud           Conj/Pois/Air  #.......     98%         3    ####...


Dungeon Overview and Level Annotations

Branches:
Dungeon (7/15)             Temple (1/1) D:4         Ossuary (visited)

Altars:
Ashenzari
Cheibriados
Dithmenos
Elyvilon
Hepliaklqana
Kikubaaqudgha
Makhleb
Nemelex Xobeh
Okawaru
Qazlal
Ru
Sif Muna
Trog
Uskayaw
Vehumet
Wu Jian
Xom
Zin

Shops:
D:5 [

Annotations:
D:7 1 transporter, qipq's ghost, amateur OpFE


Innate Abilities, Weirdness & Mutations

You cannot wear most types of armour.
You are very stealthy in the water. (Stealth+)
You are amphibious.
You can wear up to eight rings at the same time.
You can use your tentacles to constrict eight enemies at once.
Your skin changes colour to match your surroundings (Stealth+).
Your rubbery body absorbs attacks. (AC +1, EV +1)


Message History

You block the hippogriff's attack.
You barely miss the hippogriff.
The hippogriff is almost dead.
You hit the centaur zombie. The centaur zombie hits you!
* * * LOW HITPOINT WARNING * * *
The hippogriff misses you.
The hippogriff pecks you but does no damage.
The hippogriff claws you.
* * * LOW HITPOINT WARNING * * *
The centaur zombie barely misses you.
Unknown command.
You hit the hippogriff but do no damage.
You squeeze the hippogriff.
You kill the hippogriff!
Your Axes skill increases to level 8!
You hit the centaur zombie. You block the centaur zombie's attack.
You barely miss the centaur zombie.
The centaur zombie is heavily damaged.
You block the centaur zombie's attack. The centaur zombie hits you.
You die...

...<... .......
....... .......
#######.....
#.........#
#...(.†Z..# #######
#.....@†..# #......
#####'###.# #.#####
#.# #.#######.## #.#
#.##.......#
###'###.##.####..#
#.......##.# #..#
#.......##.# #..####
#..........####......
#................###.


You could see a centaur zombie.

Vanquished Creatures
  A hippogriff (D:7)
  A water moccasin (D:6)
  An orc warrior (D:7)
  Duvessa (D:5)
  An ice beast (D:7)
  A centaur (D:5)
  An ogre (D:4)
  A phantom (D:5)
  A necrophage (D:6)
  2 bullfrogs (D:7)
  Dowan (D:5)
  3 scorpions
  5 howler monkeys
  A centaur zombie (D:7)
  2 hounds
  2 jellies
  3 orc priests
  2 orc wizards
  Natasha (thrice) (D:2)
  9 worker ants
  2 hound skeletons
  8 mummies (Ossuary)
  A worker ant zombie (D:6)
  3 gnolls (D:6)
  10 adders
  2 shadow imps
  2 worms
  A dart slug (D:4)
  5 leopard geckos
  19 orcs
  8 giant cockroaches
  6 goblins
  7 hobgoblins
  10 jackals
  3 quokkas
  9 bats
  8 frilled lizards
  5 gnoll zombies (Ossuary)
  A hobgoblin zombie (Ossuary)
  6 kobolds
  A kobold zombie (Ossuary)
  A leopard gecko skeleton (D:6)
  An orc zombie (Ossuary)
  7 rats
168 creatures vanquished.

Notes
Turn   | Place    | Note
-------+----------+-------------------------------------------
     0 | D:1      | Ijustatesigmund the Octopode Fighter began the quest for
                  | the Orb.
     0 | D:1      | Reached XP level 1. HP: 16/16 MP: 1/1
   336 | D:1      | Reached XP level 2. HP: 21/21 MP: 2/2
   906 | D:2      | Noticed Natasha
   910 | D:2      | Killed Natasha
   910 | D:2      | Reached skill level 3 in Axes
   910 | D:2      | Reached XP level 3. HP: 26/26 MP: 3/3
   920 | D:2      | Found a shattered altar of Ashenzari.
   977 | D:2      | Noticed Natasha
   984 | D:2      | Killed Natasha
   984 | D:2      | Reached XP level 4. HP: 16/33 MP: 4/4
  1334 | D:2      | Reached skill level 4 in Axes
  1495 | D:2      | Found a white marble altar of Elyvilon.
  1562 | D:2      | Noticed Natasha
  1567 | D:2      | Killed Natasha
  1567 | D:2      | Reached XP level 5. HP: 37/37 MP: 5/5
  1673 | D:2      | Found a burning altar of Makhleb.
  1675 | D:2      | Found a bloodstained altar of Trog.
  1675 | D:2      | Found a burning altar of Makhleb.
  1677 | D:2      | Found a sacrificial altar of Ru.
  1677 | D:2      | Found a shimmering altar of Xom.
  1677 | D:2      | Found a hide-covered altar of Uskayaw.
  2571 | D:3      | Reached XP level 6. HP: 36/44 MP: 6/6
  3222 | D:4      | Found a snail-covered altar of Cheibriados.
  3284 | D:4      | Reached skill level 5 in Axes
  3522 | D:4      | Found a stormy altar of Qazlal.
  3540 | D:4      | Reached skill level 5 in Fighting
  3540 | D:4      | Reached XP level 7. HP: 44/50 MP: 7/7
  3755 | D:4      | Found a staircase to the Ecumenical Temple.
  3767 | Temple   | Entered the Ecumenical Temple
  4614 | D:5      | Entered Level 5 of the Dungeon
  4813 | D:5      | Found a shadowy altar of Dithmenos.
  4829 | D:5      | Reached skill level 5 in Shields
  4966 | D:5      | Found Barulen's Armour Shoppe.
  5147 | D:5      | Reached skill level 6 in Axes
  5417 | D:5      | Reached XP level 8. HP: 40/57 MP: 4/8
  5914 | D:5      | Found an ornate altar of the Wu Jian Council.
  5914 | D:5      | Noticed Dowan
  5915 | D:5      | Noticed Duvessa
  5921 | D:5      | Killed Dowan
  5925 | D:5      | Killed Duvessa
  6641 | D:6      | Found a sand-covered staircase.
  6679 | Ossuary  | Entered an ossuary
  7146 | D:6      | Reached skill level 7 in Axes
  7306 | D:6      | Found a shimmering blue altar of Sif Muna.
  7835 | D:7      | Reached XP level 9. HP: 59/64 MP: 9/9
  7858 | D:7      | Found a transporter.
  8026 | D:7      | Noticed qipq's ghost (amateur OpFE)
  8725 | D:7      | HP: 1/64 [hippogriff (5)]
  8726 | D:7      | Reached skill level 8 in Axes
  8727 | D:7      | Slain by a centaur zombie

Illustrated notes

Levels and vault maps discovered:
D:1:      dpeg_arrival_boxes_within_box, layout_basic
D:2:      layout_rooms, doesnt_xom_only_xom, elyvilon_altar_1,
          nicolae_ashenzari_panopticon, uniq_natasha
D:3:      minmay_diamond_boxcup, layout_basic, first_ration, grunt_ministairs_9
D:4:      cheibrodos_quashed, layout_rooms, kennysheep_slug_shrine,
          grunt_qazlal_sundering, minmay_temple_entry_offerings
D:5:      layout_basic, grunt_dithmenos_smoke, lemuel_round_altar, serial_shops,
          kennysheep_mini, uniq_duvessa
D:6:      layout_layer_cave, lemuel_blue_sif_altar,
          nicolae_ossuary_entry_false_entrances
D:7:      layout_basic, gammafunk_ghost_abyssal_escape
Temple:   jpeg_temple_island

Skill      XL: |  1  2  3  4  5  6  7  8  9 |
---------------+----------------------------+-----
Axes           | 3 4 5 6 7 8 |  8.0
Fighting       | 4 5 7 |  7.8
Shields        | 4 5 6 |  6.3
Dodging        | 4 |  4.7

Action                   |  1- 3 |  4- 6 |  7- 9 || total
-------------------------+-------+-------+-------++-------
Melee: War axe           |    40 |    99 |   227 ||   366
       Constrict         |    12 |    34 |    56 ||   102
       Tentacles         |     7 |    25 |    55 ||    87
  Use: Scroll            |     5 |     7 |     5 ||    17
       Potion            |       |     2 |       ||     2
 Stab: Sleeping          |     4 |     1 |     9 ||    14
       Distracted        |       |       |     3 ||     3
  Eat: Chunk             |       |     8 |    13 ||    21
       Ration            |       |       |     1 ||     1
Armor: Skin              |     2 |    10 |     3 ||    15
Dodge: Dodged            |    20 |    52 |    91 ||   163
Block: Kite shield       |    11 |    49 |   123 ||   183
